Map: Shrines of Lizul

Players

NotSoGood

  • Race: Zerg Zerg
  • League: Diamond
  • Spawn Location: 12:00

ShaGGy

  • Race: Zerg Zerg
  • League: Master
  • Spawn Location: 3:00

BizMac

  • Race: Zerg Zerg
  • Spawn Location: 6:00

ILIEKEGGPIE

  • Race: Protoss Protoss
  • League: Gold
  • Spawn Location: 9:00

VOD

Have the link to the VOD?

Description

Time

  • Played on: April 4, 2018, 7:23 a.m.
  • Length: 10:29
Show
View Real Time Build Order
Export as new Build Order

NotSoGood Zerg 

Build Orders: Hatch First, Zergling Baneling 

Get SALT Encoding   

  12  0:00  Drone  
  13  0:13  Overlord  
  13  0:18  Drone  
  14  0:23  Extractor  
  14  0:24  Drone  
  16  0:35  Drone  
  16  0:36  Drone  
  17  0:57  Drone  
  17  1:03  Hatchery  
  17  1:11  Extractor  
  17  1:14  Spawning Pool  
  17  1:17  Drone  
  16  1:20  Drone  
  17  1:29  Drone  
  17  1:31  Drone  
  19  1:45  Overlord  
  19  2:01  Queen  
  19  2:03  Zergling x4  
  23  2:10  Metabolic Boost  
  23  2:12  Zergling x2  
  23  2:15  Queen  
  26  2:18  Drone  
  27  2:30  Drone  
  27  2:31  Drone  
  27  2:37  Baneling Nest  
  28  2:42  Queen  
  30  2:46  Drone  
  30  2:50  Drone  
  32  2:54  Drone  
  32  2:56  Drone  
  34  3:06  Zergling x2  
  34  3:07  Zergling x2  
  34  3:09  Overlord  
  36  3:13  Overlord  
  35  3:37  Zergling x14  
  42  4:01  Zergling x6  
  42  4:02  Zergling x2  
  46  4:15  Zergling x4  
  46  4:16  Zergling x2  
  38  4:27  Roach Warren  
  38  4:28  Lair  
  38  4:30  Extractor  
  36  4:35  Baneling x2  
  36  4:36  Baneling x6  
  36  4:37  Baneling  
  36  4:43  Overlord  
  36  4:44  Overlord  
  34  4:56  Hatchery  
  33  5:11  Roach  
  33  5:12  Roach x4  
  33  5:13  Roach  
  45  5:18  Roach  
  47  5:39  Roach  
  47  5:40  Roach x3  
  47  5:42  Roach  
  57  5:46  Drone  
  53  6:05  Spore Crawler  
  52  6:17  Spore Crawler  
  51  6:20  Spore Crawler  
  51  6:21  Hydralisk Den  
  49  6:28  Drone  
  49  6:29  Drone x5  
  51  6:52  Hydralisk  
  51  6:53  Hydralisk x2  
  55  6:56  Hydralisk  
  57  7:01  Hydralisk  
  57  7:07  Hydralisk  
  61  7:18  Drone  
  61  7:21  Drone  
  65  7:24  Drone  
  60  8:02  Spore Crawler  
  60  8:04  Spore Crawler  
  60  8:05  Overlord x4  
  56  8:47  Hatchery  
  51  9:09  Hydralisk x2  
  51  9:10  Hydralisk x4  
  57  9:49  Roach x2  
  57  9:50  Roach x4  
Show
View Real Time Build Order
Export as new Build Order

ShaGGy Zerg 

Build Orders: Hatch First, Zergling Baneling 

Get SALT Encoding   

  12  0:01  Drone  
  13  0:08  Drone  
  14  0:18  Overlord  
  14  0:29  Extractor x2  
  14  0:30  Drone x2  
  16  0:37  Drone  
  17  0:55  Hatchery  
  16  0:58  Drone  
  16  1:02  Drone  
  18  1:05  Drone  
  18  1:08  Extractor  
  18  1:24  Spawning Pool  
  18  1:25  Drone  
  18  1:30  Drone  
  19  1:38  Overlord  
  19  1:54  Overlord  
  19  2:00  Drone  
  20  2:10  Queen x2  
  20  2:12  Metabolic Boost  
  24  2:16  Zergling x2  
  24  2:20  Zergling x2  
  26  2:23  Zergling x2  
  26  2:25  Zergling x2  
  28  2:31  Zergling x2  
  29  2:37  Baneling Nest  
  29  2:39  Drone  
  29  2:42  Drone  
  30  2:52  Drone x2  
  30  2:55  Zergling x2  
  33  3:05  Zergling x4  
  35  3:12  Zergling x2  
  36  3:19  Zergling x4  
  38  3:20  Overlord  
  38  3:21  Baneling  
  38  3:22  Baneling x3  
  38  3:29  Zergling x4  
  38  3:30  Zergling x4  
  42  3:39  Drone x3  
  45  3:54  Zergling x4  
  45  3:55  Zergling x6  
  38  4:19  Zergling x12  
  42  4:25  Baneling x5  
  42  4:26  Baneling  
  42  4:29  Hatchery  
  42  4:30  Drone  
  42  4:31  Drone  
  42  5:00  Lair  
  42  5:02  Drone x2  
  42  5:03  Roach Warren  
  42  5:04  Overlord x2  
  42  5:05  Drone  
  42  5:21  Drone  
  42  5:22  Drone x5  
  45  5:34  Zergling x8  
  45  5:35  Zergling x8  
  48  5:40  Extractor  
  48  5:41  Extractor, Zergling x4  
  48  5:42  Queen  
  50  5:53  Baneling  
  50  5:54  Baneling x3  
  50  5:55  Drone x3  
  53  5:59  Glial Reconstitution  
  53  6:04  Roach  
  55  6:14  Roach  
  55  6:16  Drone x8  
  65  6:24  Overlord  
  64  6:29  Extractor  
  63  6:37  Roach  
  63  6:39  Overlord x3  
  65  6:48  Baneling  
  65  6:49  Baneling x2  
  65  6:51  Roach x4  
  71  6:56  Overlord  
  71  7:00  Hydralisk Den  
  66  7:14  Drone x7  
  66  7:15  Drone  
  72  7:16  Drone  
  73  7:24  Zergling x4  
  73  7:25  Zergling x2  
  76  7:30  Grooved Spines  
  76  7:31  Hydralisk x2  
  76  7:32  Hydralisk  
  76  7:33  Zergling x4  
  84  7:41  Hydralisk  
  84  7:42  Hydralisk  
  86  8:06  Hydralisk  
  86  8:07  Hydralisk x3  
  86  8:08  Hydralisk  
  86  8:09  Zergling x2  
  86  8:10  Zergling x10  
  102  8:19  Drone x2  
  104  8:20  Drone x2, Extractor  
  104  8:21  Extractor  
  104  8:26  Hatchery  
  103  8:35  Overlord x3  
  103  8:36  Overlord x7  
  103  8:40  Infestation Pit  
  84  9:06  Hydralisk  
  84  9:07  Hydralisk x8  
  84  9:09  Muscular Augments  
  103  9:10  Zergling x8  
  106  9:30  Hydralisk x5  
  91  9:48  Hydralisk x3  
  91  9:49  Hydralisk x6  
  91  9:50  Zergling x2  
  91  9:51  Zergling x8  
Show
View Real Time Build Order
Export as new Build Order

BizMac Zerg 

Build Orders: Pool First 

Get SALT Encoding   

  12  0:01  Drone  
  13  0:10  Drone  
  14  0:18  Overlord  
  14  0:36  Drone x3  
  17  0:53  Drone  
  18  0:57  Extractor  
  18  1:00  Spawning Pool  
  16  1:04  Drone  
  17  1:13  Drone  
  18  1:32  Drone  
  19  1:40  Overlord  
  19  1:47  Hatchery  
  19  1:54  Queen  
  18  1:56  Zergling x4  
  22  2:13  Drone  
  23  2:16  Metabolic Boost  
  23  2:27  Baneling Nest  
  22  2:30  Zergling x4  
  24  2:38  Zergling x2  
  25  2:46  Queen  
  27  2:56  Overlord  
  27  3:02  Zergling x4  
  29  3:07  Zergling x6  
  29  3:12  Baneling x2  
  32  3:20  Baneling  
  32  3:40  Zergling x2  
  32  3:41  Zergling x14  
  23  4:33  Drone x2  
  23  4:34  Drone  
  25  4:56  Zergling x4  
  25  4:57  Zergling x4  
  25  4:59  Hatchery  
  28  5:00  Lair  
  22  5:42  Drone x3  
  25  5:43  Drone x2  
  26  6:02  Queen  
  28  6:09  Drone x3  
  31  6:11  Extractor  
  30  6:33  Zergling x10  
  30  6:37  Baneling  
  30  6:38  Baneling x3  
  26  7:11  Zergling x8  
  20  7:15  Queen  
  20  7:22  Queen  
  22  8:01  Zergling x2  
  22  8:02  Zergling x12  
  29  8:13  Baneling x4  
  29  8:33  Drone  
  29  8:34  Drone x4  
Show
View Real Time Build Order
Export as new Build Order

ILIEKEGGPIE Protoss 

Build Orders:  

Get SALT Encoding   

  12  0:00  Probe  
  13  0:13  Probe  
  14  0:22  Pylon  
  14  0:25  Probe  
  15  0:40  Probe (Chrono Boost)  
  15  0:41  Gateway  
  16  0:53  Probe (Chrono Boost)  
  17  1:00  Assimilator  
  17  1:01  Probe (Chrono Boost)  
  18  1:10  Gateway  
  18  1:14  Probe  
  19  1:26  Probe  
  19  1:32  Cybernetics Core  
  20  1:38  Probe  
  21  1:42  Pylon  
  21  1:50  Probe (Chrono Boost)  
  22  1:56  Assimilator  
  22  2:00  Probe (Chrono Boost)  
  23  2:05  Probe (Chrono Boost)  
  24  2:13  Warp Gate (Chrono Boost)  
  24  2:14  Adept  
  24  2:15  Adept  
  28  2:27  Pylon  
  27  2:47  Stalker, Sentry  
  31  3:01  Gateway  
  31  3:02  Gateway  
  31  3:10  Stargate  
  31  3:39  Nexus  
  31  3:40  Pylon  
  31  3:52  Void Ray (Chrono Boost)  
  35  4:13  Zealot  
  35  4:14  Zealot  
  37  4:28  Probe  
  38  4:33  Stalker x2  
  42  4:40  Probe  
  43  4:45  Void Ray (Chrono Boost)  
  43  4:52  Probe  
  48  5:05  Pylon  
  48  5:11  Zealot x3, Sentry  
  56  5:34  Probe  
  57  5:39  Void Ray (Chrono Boost)  
  61  5:46  Zealot, Probe  
  64  5:52  Zealot x2  
  59  5:58  Probe  
  60  6:09  Probe (Chrono Boost)  
  62  6:12  Probe (Chrono Boost)  
  62  6:26  Pylon  
  62  6:29  Pylon  
  62  6:41  Probe x2  
  60  6:53  Probe (Chrono Boost)  
  62  6:55  Void Ray (Chrono Boost), Probe (Chrono Boost)  
  66  7:03  Assimilator  
  66  7:05  Probe (Chrono Boost)  
  68  7:10  Probe (Chrono Boost)  
  68  7:11  Probe (Chrono Boost)  
  69  7:17  Probe  
  69  7:20  Assimilator  
  70  7:28  Probe (Chrono Boost)  
  72  7:35  Probe (Chrono Boost), Pylon  
  72  7:38  Probe (Chrono Boost)  
  72  7:43  Probe (Chrono Boost)  
  72  7:44  Gateway  
  70  8:11  Stalker x4  
  76  8:16  Gateway  
  76  8:18  Gateway  
  76  8:28  Gateway  
  76  8:30  Gateway  
  76  8:48  Nexus  
  76  8:50  Pylon  
  76  8:52  Pylon  
  76  8:55  Assimilator  
  76  9:02  Stalker x2  
  62  9:03  Zealot x3  
  68  9:21  Pylon  
  68  9:22  Pylon  
  68  9:26  Sentry x2  
  68  9:27  Zealot x4, Sentry  
  68  9:28  Zealot  
  70  9:42  Stalker  
  68  9:51  Zealot x3  
  54  9:54  Probe (Chrono Boost)  
  52  10:00  Robotics Facility, Probe (Chrono Boost)  
  52  10:05  Stalker x6  
  63  10:08  Probe (Chrono Boost)  
  60  10:22  Zealot x2  
  45  10:28  Pylon  
Tags
 
Add a new tag
Caveats
  • Supply blocks, unpowered buildings, or Contaminate may cause inaccurate times.
  • Supply counts are checked every 10 seconds.